 Dungeon Crawl Stone Soup version 0.29-a0-998-g1987434951 (webtiles) character file.

Game seed: 3652262535001759901

101 Sobieck the Shooter (level 4, 0/39 HPs)
             Began as a Naga Hunter on Aug 5, 2022.
             Killed by divine providence
             ... invoked by an orc priest
              (14 damage)
             ... on level 3 of the Dungeon.
             The game lasted 00:03:13 (1564 turns).

Sobieck the Shooter (Naga Hunter)                   Turns: 1564, Time: 00:03:14

Health: 0/39       AC:  7    Str: 13    XL:     4   Next: 75%
Magic:  4/4        EV:  7    Int:  9    God:
Gold:   103        SH:  0    Dex: 17    Spells: 3/3 levels left

rFire   . . .      SeeInvis +   a - +0 shortbow {bow}
rCold   . . .      Faith    .   (shield currently unavailable)
rNeg    . . .      Spirit   .   c - +0 leather armour
rPois   +          Reflect  .   d - +0 helmet
rElec   .          Harm     .   (no cloak)
rCorr   .          Rampage  .   (no gloves)
Will    .....                   h - +0 barding
Stlth   ++........              (no amulet)
HPRegen 0.13/turn               (no ring)
MPRegen 0.09/turn               (no ring)

@: very slow
A: AC +1, large, see invisible, deformed body, poison resistance, slowness 2,
spit poison 1, naga tail 1
a: Spit Poison


You were on level 3 of the Dungeon.
You visited 1 branch of the dungeon, and saw 3 of its levels.

You collected 103 gold pieces.


Innate Abilities, Weirdness & Mutations

Your serpentine skin is tough. (AC +1)
You have supernaturally acute eyesight. (SInv)
Armour fits poorly on your strangely shaped body.
Your system is resistant to poisons. (rPois)
You cover ground very slowly.
You can spit poison.
You have a snake-like lower body.


   Skills:
 - Level 2.0 Fighting
 + Level 5.4 Ranged Weapons
 - Level 1.5 Dodging
 - Level 1.5 Stealth


You had 3 spell levels left.
You didn't know any spells.
Your spell library contained the following spells:

 Spells                   Type           Power      Damage    Failure   Level
 Slow                     Hex            0%         N/A       45%         1
 Confusing Touch          Hex            0%         N/A       83%         3
 Gell's Gravitas          Tloc           0%         N/A       83%         3
 Ignite Poison            Fire/Tmut/Pois 0%         N/A       83%         3
 Lesser Beckoning         Tloc           0%         N/A       83%         3
 Mephitic Cloud           Conj/Pois/Air  0%         N/A       83%         3
 Teleport Other           Tloc           0%         N/A       83%         3
 Vampiric Draining        Necr           0%         2d6       83%         3
 Freezing Cloud           Conj/Ice/Air   0%         6-21      100%        5

Inventory:

Hand Weapons
 a - a +0 shortbow (weapon) {bow}
 j - a +2 dagger of protection {short}
   (You took it off a kobold on level 1 of the Dungeon)
 n - a +0 dagger of draining {short}
   (You took it off Jessica on level 2 of the Dungeon)
Missiles
 f - 13 stones {throwing}
 s - 3 javelins {throwing}
Armour
 c - a +0 leather armour (worn)
 d - a +0 helmet (worn)
   (You found it on level 1 of the Dungeon)
 e - a +0 ring mail
   (You found it on level 1 of the Dungeon)
 g - a +0 robe
   (You found it on level 1 of the Dungeon)
 h - a +0 barding (worn)
   (You found it on level 1 of the Dungeon)
 i - a +0 chain mail
   (You found it on level 1 of the Dungeon)
 l - a +0 leather armour
   (You found it on level 1 of the Dungeon)
 m - a +0 chain mail of fire resistance
   (You took it off Terence on level 2 of the Dungeon)
 o - a +0 robe
   (You took it off Jessica on level 2 of the Dungeon)
 q - a +0 chain mail
   (You found it on level 2 of the Dungeon)
 t - a +0 ring mail
   (You found it on level 2 of the Dungeon)
 x - a +0 robe
   (You found it on level 2 of the Dungeon)
Scrolls
 b - a scroll of immolation {!r!r}
 k - a scroll of enchant armour {unknown}
 u - 3 scrolls of identify {unknown}
 v - 2 scrolls of vulnerability {unknown}
 w - a scroll of teleportation {unknown}
Potions
 p - 2 potions of brilliance
 r - 2 potions of curing {@q1}
 z - a potion of flight {unknown}
 A - a potion of ambrosia {unknown}
 B - a potion of heal wounds {unknown}

Dungeon Overview and Level Annotations

Branches:
Dungeon (3/15) Zot: 15903

Altars:

Shops:
D:3 *

Annotations:
D:3 2 runed translucent doors, gelatine's ghost, weakling OpTm

#.###..## #.####.#
#.# #.# #.##..##
#.# #.# #.## #.#
#.##.## ##.# #.#
#..# #.# ...#.#
#..# ..#
##.#####.# .#.#.#
###.## .##
#.....##.#
.....#####...#
##.# #.<...##.##
###........### #..
##.....##..#
######..######.##
#...######.# ####
#..o@.###.### #.#
###o#...#.# #.#
#o###...########.#
#. ##.........#.#
.. ##.######...#
.. ...# ##### ...
##### (..


You could see 2 orc priests and an orc wizard (invisible).


Message History

Unknown command.
Unknown command.
You shoot an arrow. The arrow hits the orc.
You have got your breath back.
You shoot an arrow. The arrow hits the orc!
You kill the orc!
The orc wizard casts a spell.
The orc wizard flickers and vanishes for a moment.
You shoot an arrow.
The arrow closely misses the orc wizard.
The orc wizard points at you and mumbles some strange words.
You are confused.
The orc wizard hits you with a +0 dagger.
Unknown command.
You feel better.
The orc wizard hits you with a +0 dagger.
The orc priest looks encouraged for a moment.
The splash of poison hits the orc wizard.
Unknown command.
You shoot an arrow. The arrow hits the orc wizard.
The orc wizard hits you with a +0 dagger.
The orc priest begins to cast a cantrip, but forgets the words!
The orc priest barely misses you.
You shoot an arrow. The arrow barely misses the orc wizard.
You have got your breath back.
The orc wizard hits you with a +0 dagger.
The orc priest calls down the wrath of Beogh upon you.
Pain shoots through your body!
The orc priest hits you but does no damage.
You are too injured to fight recklessly!
You are too injured to fight recklessly!
You are too injured to fight recklessly!
Unknown command.
Aiming: Spit Poison (1% risk of failure)
Press: ? - help, Q - select action, (/) - cycle Shift-Dir - straight line, f/p - orc wizard
Aim: an orc wizard, wielding a +0 dagger and wearing a +0 robe (moderately wounded, slightly transparent, 50% to hit)
The splash of poison misses the orc wizard.
The orc wizard points at you and mumbles some strange words.
The magic dart hits you. The orc priest completely misses you.
The orc priest barely misses you.
You can't do that yet.
The orc wizard hits you but does no damage.
The orc priest barely misses you.
The orc priest hits you from afar with a +0 trident.
You can't do that yet.
The orc wizard points at you and mumbles some strange words.
You are confused.
The orc priest hits you with a +0 hand axe.
* * * LOW HITPOINT WARNING * * *
The orc priest hits you from afar with a +0 trident.
* * * LOW HITPOINT WARNING * * *
You are too confused!
You feel better. The orc wizard completely misses you.
The orc priest hits you but does no damage.
The orc priest casts a cantrip, but nothing happens.
You can't do that yet.
You are too injured to fight recklessly!
Fire: a) +0 shortbow {bow}
Press: ? - help, Q - select action, (/) - cycle Shift-Dir - straight line, f/p - orc wizard
Aim: an orc wizard, wielding a +0 dagger and wearing a +0 robe (moderately wounded, slightly transparent, 56% to hit)
You shoot an arrow. The arrow barely misses the orc wizard.
The orc wizard casts a spell at you.
You are confused.
The orc priest closely misses you.
The orc priest hits you from afar with a +0 trident!
* * * LOW HITPOINT WARNING * * *
You feel better.
You have got your breath back.
The orc wizard hits you with a +0 dagger.
* * * LOW HITPOINT WARNING * * *
The orc priest barely misses you.
The orc priest hits you but does no damage.
Fire: a) +0 shortbow {bow}
Press: ? - help, Q - select action, (/) - cycle Shift-Dir - straight line, f/p - orc wizard
Aim: an orc wizard, wielding a +0 dagger and wearing a +0 robe (moderately wounded, slightly transparent, 56% to hit)
You shoot an arrow. The arrow hits the orc wizard.
The orc wizard hits you but does no damage.
The orc priest barely misses you. x2
The orc priest hits you from afar with a +0 trident.
* * * LOW HITPOINT WARNING * * *
The orc wizard hits you but does no damage.
The orc priest barely misses you.
Fire: a) +0 shortbow {bow}
Press: ? - help, Q - select action, (/) - cycle Shift-Dir - straight line, f/p - orc wizard
Aim: an orc wizard, wielding a +0 dagger and wearing a +0 robe (severely wounded, slightly transparent, 56% to hit)
You shoot an arrow. The arrow barely misses the orc wizard.
The orc wizard gestures at you while chanting.
The puff of flame hits you.
* * * LOW HITPOINT WARNING * * *
The orc priest hits you with a +0 hand axe.
* * * LOW HITPOINT WARNING * * *
The orc priest miscasts a cantrip.
Fire: a) +0 shortbow {bow}
Press: ? - help, Q - select action, (/) - cycle Shift-Dir - straight line, f/p - orc wizard
Aim: an orc wizard, wielding a +0 dagger and wearing a +0 robe (severely wounded, slightly transparent, 56% to hit)
You shoot an arrow. The arrow hits the orc wizard.
The orc wizard hits you but does no damage.
The orc priest invokes the aid of Beogh against you.
Beogh smites you!
You die...

Skill      XL: |  1  2  3 |
---------------+----------+-----
Ranged Weapons | 4 5 |  5.4
Fighting       | |  2.0
Dodging        | |  1.5
Stealth        | |  1.5

Action                   |  1- 3 |  4- 6 || total
-------------------------+-------+-------++-------
 Fire: Shortbow          |    46 |    75 ||   121
 Abil: Spit Poison       |     1 |     5 ||     6
  Use: Potion            |       |     4 ||     4
Armor: Leather armour    |     4 |    29 ||    33
Dodge: Dodged            |     4 |    29 ||    33

Levels and vault maps discovered:
D:1:      dpeg_arrival_round_b, layout_rooms
D:2:      layout_loops_cross, dreamdust_ecumenical_altar_angels_and_demons,
          uniq_jessica, uniq_terence
D:3:      layout_rooms, ebering_ghost_disaster_area, serial_shops, shop_statue,
          lemuel_another_geyser

Notes
Turn   | Place    | Note
-------+----------+-------------------------------------------
     0 | D:1      | Sobieck the Naga Hunter began the quest for the Orb.
     0 | D:1      | Reached XP level 1. HP: 19/19 MP: 1/1
   119 | D:1      | Reached skill level 4 in Ranged Weapons
   119 | D:1      | Reached XP level 2. HP: 26/26 MP: 2/2
   169 | D:1      | You pick up a book of Displacement and begin reading...
   169 | D:1      | You add the spells Lesser Beckoning, Gell's Gravitas and
                  | Teleport Other to your library.
   478 | D:2      | Noticed Jessica
   478 | D:2      | Noticed Terence
   480 | D:2      | Killed Jessica
   481 | D:2      | Reached XP level 3. HP: 32/32 MP: 3/3
   484 | D:2      | Killed Terence
   485 | D:2      | Reached skill level 5 in Ranged Weapons
   485 | D:2      | Reached XP level 4. HP: 31/39 MP: 4/4
   561 | D:2      | Found a faded altar of an unknown god.
   939 | D:2      | You add the spells Ignite Poison, Mephitic Cloud and
                  | Freezing Cloud to your library.
  1196 | D:3      | You pick up a book of Debilitation and begin reading...
  1196 | D:3      | You add the spells Slow, Vampiric Draining and Confusing
                  | Touch to your library.
  1294 | D:3      | Found Semerghu's Assorted Antiques.
  1315 | D:3      | Found a large runed translucent door.
  1316 | D:3      | Found a large runed translucent door.
  1321 | D:3      | Noticed gelatine's ghost (weakling OpTm)
  1564 | D:3      | Killed from afar by an orc priest

Vanquished Creatures
  Jessica (D:2)
  Terence (D:2)
  An adder (D:2)
  A worm (D:2)
  A dart slug (D:2)
  2 orcs (D:3)
  3 ball pythons (D:1)
  5 bats
  4 endoplasms
  A giant cockroach (D:1)
  6 goblins
  4 hobgoblins
  2 jackals (D:3)
  A kobold (D:1)
  A quokka (D:2)
  A frilled lizard (D:1)
  2 rats (D:3)
37 creatures vanquished.

Table legend:
 A = Non-vault XP
 B = Vault XP
 C = Vault XP percentage of total XP
 D = Non-vault monster count
 E = Vault monster count
 F = Vault count percentage of total count
                 A         B        C        D         E       F
            +---------+---------+-------+---------+---------+-------
      Total |      78 |      67 |  46.2 |      35 |       2 |   5.4
            +---------+---------+-------+---------+---------+-------
        D:1 |      23 |       0 |   0.0 |      14 |       0 |   0.0
        D:2 |      38 |      67 |  63.8 |      12 |       2 |  14.3
        D:3 |      17 |       0 |   0.0 |       9 |       0 |   0.0
            +---------+---------+-------+---------+---------+-------

Illustrated notes

Table legend:
 A = Kills in this place as a percentage of kills in entire the game.
 B = Kills by you in this place as a percentage of kills by you in the entire game.
 C = Kills by friends in this place as a percentage of kills by friends in the entire game.
 D = Other kills in this place as a percentage of other kills in the entire game.
 E = Experience gained in this place as a percentage of experience gained in the entire game.
 F = Experience gained in this place divided by the number of levels of this place that you have seen.
                   A       B       C       D       E      F
               +-------+-------+-------+-------+-------+----------------------
         Total | 100.0 | 100.0 |   N/A |   N/A | 100.0 |  48.3
       Dungeon | 100.0 | 100.0 |   N/A |   N/A | 100.0 |  48.3
               +-------+-------+-------+-------+-------+----------------------

Table legend: (Time is in decaauts)
 A = Elapsed time spent in this place.
 B = Non-inter-level travel time spent in this place.
 C = Inter-level travel time spent in this place.
 D = Time resting spent in this place.
 E = Time spent auto-exploring this place.
 F = Levels seen in this place.
 G = Mean time per level.
                   A        B        C        D        E       F      G
               +--------+--------+--------+--------+--------+-----+--------+
         Total |   2095 |   2073 |     22 |      0 |   1804 |   3 |  698.3 |
       Dungeon |   2095 |   2073 |     22 |      0 |   1804 |   3 |  698.3 |
               +--------+--------+--------+--------+--------+-----+--------+

Top non-repeatable levels by time:
     D:2: 951 daAuts
     D:1: 641 daAuts
     D:3: 503 daAuts
